 Dungeon Crawl Stone Soup version 0.31.0-10-gcf4a605ca0 (webtiles) character file.

Game seed: 10377259015539121518

49 ymhsbmbesitwf the Magician (level 4, 0/31 HPs)
             Began as a Djinni Summoner on Jan 25, 2024.
             Slain by a goblin
             ... wielding a +0 club
             ... led by Robin
              (2 damage)
             ... on level 2 of the Dungeon.
             The game lasted 00:04:51 (1064 turns).

ymhsbmbesitwf the Magician (Djinni Summoner)        Turns: 1064, Time: 00:04:52

Health: 0/31       AC:  2    Str:  7    XL:     4   Next: 1%
Gold:   72         EV: 12    Int: 18    God:
                   SH:  0    Dex: 14

rFire   + + .        a - +1 dagger (speed)
rCold   x . .        (no shield)
rNeg    . . .        d - +0 robe
rPois   ∞            (no helmet)
rElec   .            (no cloak)
rCorr   .            (no gloves)
SInv    .            (boots unavailable)
Will    .....        (no amulet)
Stlth   ++           (no ring)
HPRegen 0.25/turn    (no ring)
MPRegen 0.00/turn

%: infuse magic (-1 HP)
@: mighty, flying
A: sickness immunity, fire resistance 2, cold vulnerability 1, float, innate
caster, HP casting, extra vitality 1
a: no special abilities


You were on level 2 of the Dungeon.
You visited 1 branch of the dungeon, and saw 2 of its levels.

You collected 72 gold pieces.

Inventory:

Hand Weapons
 a - a +1 dagger of speed (weapon)
Armour
 d - a +0 robe (worn)
Scrolls
 b - a scroll of teleportation {unknown}
 h - a scroll of blinking {unknown}
Potions
 e - 2 potions of attraction {unknown}
 f - a potion of haste {unknown}
 g - a potion of lignification {unknown}


   Skills:
 - Level 2.1 Dodging
 - Level 1.5 Stealth
 * Level 4.5 Spellcasting
 * Level 4.5 Conjurations
 * Level 4.5 Hexes
   Level 0.0 Charms
 * Level 4.5 Summonings
 * Level 4.5 Necromancy
 * Level 4.5 Translocations
   Level 0.0 Transmutations
 * Level 4.5 Fire Magic
 * Level 4.5 Ice Magic
 * Level 4.5 Air Magic
 * Level 4.5 Earth Magic
 * Level 4.5 Alchemy


You knew the following spells:

 Your Spells              Type           Power      Damage    Failure   Level
a - Summon Small Mammal   Summ           80%        N/A       2%          1
b - Call Imp              Summ           40%        N/A       3%          2
c - Call Canine Familiar  Summ           20%        N/A       7%          3
d - Summon Blazeheart Go  Fire/Summ      20%        N/A       22%         4
e - Summon Lightning Spi  Summ/Air       20%        N/A       22%         4
f - Necrotise             Necr           80%        1d8       2%          1
Your spell library was empty.

Dungeon Overview and Level Annotations

Branches:
Dungeon (2/15)

Altars:


Innate Abilities, Weirdness & Mutations

You are immune to sickness and miasma.
You are immune to poison.
Your flesh is very heat resistant. (rF++)
You are vulnerable to cold. (rC-)
You float through the air rather than walking.
You learn spells naturally, not from books.
Your magical power is your life essence.
You have superior vitality. (+4 MHP)


Message History

Your rat's corpse disappears in a puff of smoke!
The goblin shouts!
You hit Robin.
Robin is heavily wounded.
Your cerulean imp barely misses Robin.
Robin barely misses you.
A goblin comes into view. It is wielding a +0 dagger.
Unknown command.
You hit Robin but do no damage.
Robin is heavily wounded.
Your cerulean imp hits Robin with a -3 spear.
The goblin closely misses your cerulean imp.
Robin barely misses your cerulean imp.
You hit Robin but do no damage.
Robin is severely wounded.
The goblin no longer looks unusually strong.
Your goblin skeleton barely misses Robin.
Unknown command.
You hit Robin.
Robin is almost dead.
Your cerulean imp hits Robin with a -3 spear.
Robin throws the goblin at you!
The goblin completely misses your cerulean imp.
The goblin hits you with a +0 club. The hobgoblin misses you.
Casting: Summon Small Mammal (safe; 2% risk of failure)
Confirm with . or Enter, or press ? or * to list all spells.
The goblin no longer looks unusually strong.
Your goblin skeleton closely misses Robin.
Your cerulean imp hits Robin with a -3 spear.
Robin dies!
The goblin hits you with a +0 club.
* * * LOW HITPOINT WARNING * * *
The hobgoblin hits you.
* * * LOW HITPOINT WARNING * * *
You have reached level 4!
You feel agile.
It was a potion of might.
You feel very mighty all of a sudden.
Your bat closely misses the goblin.
Your goblin skeleton hits the goblin.
The goblin misses your bat. The goblin hits you with a +0 club.
You die...

#######
#.....#
#.....#
#..g..#
#..)@g#
#..Zgb.#
#..5gg..#
#..)..#.#
#....g#...
#...g.#
#..
####.##
#.# #.. .#


You could see a hobgoblin (strong, ally target), 6 goblins, a friendly cerulean
imp (summoned), a friendly bat (summoned) and a friendly goblin skeleton.

Vanquished Creatures
  A giant cockroach (D:1)
  A goblin (D:2)
  A hobgoblin (D:1)
  A kobold (D:1)
  A rat (D:1)
5 creatures vanquished.

Vanquished Creatures (collateral kills)
  Robin (D:2)
  A dart slug (D:1)
  2 bats (D:1)
  2 endoplasms (D:1)
  4 goblins
  3 hobgoblins (D:1)
  3 quokkas (D:1)
  6 ball pythons (D:1)
  2 frilled lizards (D:1)
  2 kobolds (D:1)
  2 rats (D:1)
28 creatures vanquished.

Grand Total: 33 creatures vanquished

Notes
Turn   | Place    | Note
-------+----------+-------------------------------------------
     0 | D:1      | ymhsbmbesitwf the Djinni Summoner began the quest for the
                  | Orb.
     0 | D:1      | ymhsbmbesitwf set off with the following spells memorised:
                  | Summon Small Mammal, Call Imp, Call Canine Familiar, Summon
                  | Blazeheart Golem, Summon Lightning Spire.
     0 | D:1      | Reached XP level 1. HP: 15/15 MP: 0/0
   118 | D:1      | Reached XP level 2. HP: 21/21 MP: 0/0
   472 | D:1      | Reached XP level 3. HP: 25/25 MP: 0/0
   472 | D:1      | Learned a level 1 spell: Necrotise
  1048 | D:2      | Noticed Robin
  1063 | D:2      | Killed Robin
  1063 | D:2      | HP: 1/25 [hobgoblin[Robin] (2)]
  1064 | D:2      | Reached XP level 4. HP: 2/31 MP: 0/0
  1064 | D:2      | Slain by a goblin

Illustrated notes

Levels and vault maps discovered:
D:1:      amcnicky_arrival_abandoned_market, layout_basic,
          hangedman_decor_opposing, palyth_stone_intersect
D:2:      layout_rooms, chequers_serial_rivers_room_b, corexii_hall_statues_u,
          uniq_robin

Skill      XL: |  1  2 |
---------------+-------+-----
Spellcasting   | 4 |  4.5
Conjurations   | 4 |  4.5
Hexes          | 4 |  4.5
Summonings     | 4 |  4.5
Necromancy     | 4 |  4.5
Translocations | 4 |  4.5
Fire Magic     | 4 |  4.5
Ice Magic      | 4 |  4.5
Air Magic      | 4 |  4.5
Earth Magic    | 4 |  4.5
Alchemy        | 4 |  4.5
Dodging        | |  2.1
Stealth        | |  1.5

Action                     |  1- 3 |  4- 6 || total
---------------------------+-------+-------++-------
  Melee: Mace              |     4 |       ||     4
         Unarmed           |     4 |       ||     4
         Short sword       |    11 |       ||    11
         Dagger            |     8 |       ||     8
   Cast: Summon Small Mamm |    36 |       ||    36
         Call Imp          |     5 |       ||     5
         Necrotise         |     3 |       ||     3
    Use: Potion            |       |     1 ||     1
   Stab: Distracted        |     1 |       ||     1
 Armour: Robe              |    16 |     1 ||    17
  Dodge: Dodged            |    18 |       ||    18
